 Dungeon Crawl Stone Soup version 0.28-a0-1616-g050a50673c (webtiles) character file.

Game seed: 6403766340563243347

758 bande the Covered (level 7, -5/44 HPs)
             Began as a Gargoyle Fighter on Jan 23, 2022.
             Slain by an ogre (13 damage)
             ... on level 5 of the Dungeon.
             The game lasted 00:07:42 (5162 turns).

bande the Covered (Gargoyle Fighter)                Turns: 5162, Time: 00:07:43

Health: -5/44      AC: 17    Str: 20    XL:     7   Next: 80%
Magic:  7/7        EV:  5    Int:  8    God:
Gold:   168        SH:  6    Dex: 11    Spells: 6/6 levels left

rFire   . . .      SeeInvis .   a - +0 war axe
rCold   . . .      Faith    .   c - +1 buckler
rNeg    + . .      Spirit   .   k - +0 plate armour
rPois   ∞          Reflect  .   (no helmet)
rElec   +          Harm     .   (no cloak)
rCorr   .          Rampage  .   (no gloves)
Will    .....                   (no boots)
Stlth   ..........              h - amulet of regeneration
HPRegen 0.94/turn               (no ring)
MPRegen 0.10/turn               (no ring)

@: no status effects
A: sickness immunity, AC +4, negative energy resistance 1, electricity
resistance, torment resistance 1, petrification resistance
a: no special abilities


You were on level 5 of the Dungeon.
You visited 1 branch of the dungeon, and saw 5 of its levels.

You collected 168 gold pieces.

Inventory:

Hand Weapons
 a - a +0 war axe (weapon)
 g - a +0 flail
Missiles
 m - a throwing net (quivered)
Armour
 c - a +1 buckler (worn)
 k - a +0 plate armour (worn)
Jewellery
 h - an amulet of regeneration (around neck)
Wands
 b - a wand of iceblast (4)
 i - a wand of flame (22)
Scrolls
 f - 3 scrolls of identify
Potions
 d - a potion of might
 e - 2 potions of curing
 j - a potion of invisibility
 l - a potion of flight
 n - a potion of magic {unknown}


   Skills:
 + Level 4.6 Fighting
 + Level 5.0 Axes
 + Level 5.5 Armour
 + Level 4.6 Shields
 * Level 2.1 Evocations


You had 6 spell levels left.
You didn't know any spells.
Your spell library contained the following spells:

 Spells                   Type           Power      Damage    Failure   Level
 Ensorcelled Hibernation  Hex/Ice        0%         N/A       100%        2
 Passwall                 Tmut/Erth      0%         N/A       100%        2
 Conjure Flame            Conj/Fire      0%         6-21      100%        3
 Gell's Gravitas          Tloc           0%         N/A       100%        3
 Ignite Poison            Fire/Tmut/Pois 0%         N/A       100%        3
 Lesser Beckoning         Tloc           0%         N/A       100%        3
 Swiftness                Air            0%         N/A       100%        3
 Teleport Other           Tloc           0%         N/A       100%        3
 Sticky Flame             Conj/Fire      0%         2d3       100%        4


Dungeon Overview and Level Annotations

Branches:
Dungeon (5/15)
 Temple: D:4-7

Altars:
Hepliaklqana
Nemelex Xobeh


Innate Abilities, Weirdness & Mutations

You are immune to sickness and miasma.
Your stone body is resilient. (AC +4)
You are immune to poison.
You resist negative energy. (rN+)
You are resistant to electric shocks. (rElec)
You are resistant to unholy torment.
You are immune to petrification.


Message History

You're too confused to move!
The orc hits you but does no damage. Something hits you.
You bump into the rock wall.
The orc hits you with a +0 dagger. Something hits you but does no damage.
An adder comes into view.
The orc barely misses you.
You bump into the rock wall.
The orc hits you but does no damage. Something hits you but does no damage.
You feel less confused.
The orc throws a boomerang.
You block the boomerang.
You hit something.
The orc throws a boomerang.
The boomerang hits you but does no damage.
Something hits you but does no damage.
You closely miss something. You barely miss the ogre.
Something hits you but does no damage. The ogre barely misses you.
You miss something. You hit the ogre. Something hits you but does no damage.
The ogre hits you with a +0 giant club!!
Something hits you but does no damage.
You barely miss something. You hit the ogre.
The sentinel's mark upon you fades away.
Something hits you but does no damage. You block the ogre's attack.
You miss something. You barely miss the ogre. Something completely misses you.
You block the ogre's attack.
You slash something!
Reactivating autopickup.
You feel a bit more experienced.
You hit the ogre but do no damage. The ogre hits you with a +0 giant club!
The adder bites you but does no damage.
You closely miss the adder. You hit the ogre but do no damage.
You block the adder's attack. The ogre hits you with a +0 giant club!
* * * LOW HITPOINT WARNING * * *
Unknown command.
You hit the ogre but do no damage.
The ogre is moderately wounded.
You hit the adder. The adder bites you but does no damage.
You block the ogre's attack. The adder bites you but does no damage.
You hit the ogre but do no damage.
The ogre is moderately wounded.
You closely miss the adder. You block the adder's attack.
The ogre hits you with a +0 giant club!
You die...

#..........####≈≈≈.##
.#####..#.†..##≈≈.#
##..#####.###≈≈#
##..## #..##≈≈# #..##
##.##.≈### ##.##
#.[..≈..### #..#
####≈≈#...# #.##
##.≈≈##...... #.#
##@.#≈# #######. #.#
###OS##≈####....o.
##.# #..o##.......#
##..# #.##).S#######
...## #...S### .###
###### .# .## ....


You could see an ogre, an adder and an orc.

Vanquished Creatures
  A sky beast (D:4)
  An ogre (D:4)
  2 scorpions
  3 hounds
  2 orc priests
  A bullfrog skeleton (D:5)
  A centaur skeleton (D:4)
  An orc wizard (D:5)
  2 hound skeletons (D:4)
  2 gnolls
  6 adders
  2 ufetubi (D:4)
  2 adder skeletons (D:4)
  2 worms
  6 dart slugs
  7 orcs
  5 ball pythons
  9 endoplasms
  3 giant cockroaches
  10 goblins
  5 hobgoblins
  14 jackals
  7 quokkas
  2 bats
  A frilled lizard (D:3)
  6 kobolds
  5 rats
108 creatures vanquished.

Vanquished Creatures (others)
  6 plants (D:4)
6 creatures vanquished.

Grand Total: 114 creatures vanquished

Notes
Turn   | Place    | Note
-------+----------+-------------------------------------------
     0 | D:1      | bande the Gargoyle Fighter began the quest for the Orb.
     0 | D:1      | Reached XP level 1. HP: 14/14 MP: 1/1
   343 | D:1      | Reached XP level 2. HP: 12/19 MP: 2/2
   810 | D:1      | Found a faded altar of an unknown god.
   881 | D:1      | Reached XP level 3. HP: 23/23 MP: 3/3
  1195 | D:1      | You fall into a shaft and drop 1 floor!
  1823 | D:2      | Reached XP level 4. HP: 29/29 MP: 4/4
  2805 | D:3      | Reached XP level 5. HP: 12/33 MP: 5/5
  3629 | D:4      | Found a sparkling altar of Nemelex Xobeh.
  3741 | D:4      | Reached XP level 6. HP: 38/38 MP: 6/6
  4002 | D:4      | Found a faded altar of an unknown god.
  4003 | D:4      | Found a hazy altar of Hepliaklqana.
  4005 | D:4      | Found a faded altar of an unknown god.
  4156 | D:5      | Entered Level 5 of the Dungeon
  4157 | D:5      | Noticed a sky beast
  4203 | D:4      | Killed a sky beast
  4204 | D:4      | Reached skill level 1 in Evocations
  4446 | D:4      | Reached skill level 5 in Armour
  4446 | D:4      | Reached XP level 7. HP: 35/44 MP: 7/7
  5148 | D:5      | Reached skill level 5 in Axes
  5162 | D:5      | Slain by an ogre

Illustrated notes

Levels and vault maps discovered:
D:1:      roderic_octagonal_star, layout_loops_ring,
          dreamdust_ecumenical_altar_angels_and_demons,
          chequers_serial_rivers_small_3
D:2:      layout_loops_cross, small_statue_intersection,
          chequers_serial_rivers_room_a
D:3:      minmay_chambers_of_threes, layout_basic, kennysheep_generic_room_2
D:4:      layout_gridville, nicolae_hepliaklqana_ecumenical_no_more,
          nemelex_spade_bored_becter, serial_bayou, serial_bayou_shore_b,
          serial_bayou_crossing, serial_bayou_pond_b, serial_bayou_shore_a,
          serial_bayou_pond_b, serial_bayou_pond_e
D:5:      layout_rooms, kennysheep_mini, temple_hall, serial_rivers,
          chequers_serial_rivers_micro_a, chequers_serial_rivers_micro_d,
          chequers_serial_rivers_small_a, chequers_serial_rivers_small_b,
          chequers_serial_rivers_micro_e, mrwooster_statue_mirror

Skill      XL: |  1  2  3  4  5  6  7 |
---------------+----------------------+-----
Axes           | 2 3 4 5 |  5.0
Armour         | 4 5 |  5.5
Shields        | 4 |  4.6
Fighting       | 4 |  4.6
Evocations     | 1 2 |  2.1

Action                   |  1- 3 |  4- 6 |  7- 9 || total
-------------------------+-------+-------+-------++-------
Melee: War axe           |    95 |   242 |    45 ||   382
  Use: Scroll            |     3 |     4 |     1 ||     8
       Potion            |       |     1 |       ||     1
Armor: Scale mail        |    51 |   102 |       ||   153
       Plate armour      |       |    87 |    44 ||   131
Dodge: Dodged            |    58 |   111 |    13 ||   182
Block: Buckler           |    21 |    93 |    14 ||   128

Table legend: (Time is in decaauts)
 A = Elapsed time spent in this place.
 B = Non-inter-level travel time spent in this place.
 C = Inter-level travel time spent in this place.
 D = Time resting spent in this place.
 E = Time spent auto-exploring this place.
 F = Levels seen in this place.
 G = Mean time per level.
                   A        B        C        D        E       F      G
               +--------+--------+--------+--------+--------+-----+--------+
         Total |   5341 |   5090 |    251 |   1369 |   2698 |   5 | 1068.2 |
       Dungeon |   5341 |   5090 |    251 |   1369 |   2698 |   5 | 1068.2 |
               +--------+--------+--------+--------+--------+-----+--------+

Top non-repeatable levels by time:
     D:4: 1554 daAuts
     D:1: 1422 daAuts
     D:3: 1167 daAuts
     D:2: 965 daAuts
     D:5: 232 daAuts
